 Dungeon Crawl Stone Soup version 0.31.0-1-g2c135a0 (webtiles) character file.

Game seed: 8845595571546400370

18 TheOfficialSoup the Covered (level 2, -6/27 HPs)
             Began as a Minotaur Fighter on Apr 9, 2024.
             Mangled by Sigmund
             ... wielding a +0 scythe
              (8 damage)
             ... on level 2 of the Dungeon.
             The game lasted 00:05:03 (972 turns).

TheOfficialSoup the Covered (Minotaur Fighter)       Turns: 972, Time: 00:05:04

Health: -6/27      AC:  7    Str: 20    XL:     2   Next: 51%
Magic:  1/1        EV:  9    Int:  5    God:
Gold:   66         SH:  4    Dex:  9    Spells: 1/1 levels left

rFire   . . .        a - +0 war axe
rCold   . . .        c - +0 buckler
rNeg    . . .        b - +0 scale mail
rPois   .            (helmet restricted)
rElec   .            (no cloak)
rCorr   .            (no gloves)
SInv    .            (no boots)
Will    .....        (no amulet) Stlth
                     (no ring)
HPRegen 0.24/turn    (no ring)
MPRegen 0.07/turn

%: no passive effects
@: no status effects
A: horns 2, retaliatory headbutt
a: no special abilities


You were on level 2 of the Dungeon.
You visited 1 branch of the dungeon, and saw 2 of its levels.

You collected 66 gold pieces.

Inventory:

Hand Weapons
 a - a +0 war axe (weapon)
Missiles
 l - 6 atropa-tipped darts (quivered)
Armour
 b - a +0 scale mail (worn)
 c - a +0 buckler (worn)
 e - a +0 barding
Magical Staves
 i - a staff of death
Scrolls
 f - a scroll of silence {unknown}
 g - 2 scrolls of identify {unknown}
 h - a scroll of fear {unknown}
 j - a scroll of vulnerability {unknown}
Potions
 d - a potion of might
 k - a potion of haste {unknown}
 m - a potion of brilliance {unknown}
 n - a potion of curing {unknown}


   Skills:
 + Level 3.8 Fighting
 + Level 3.1 Axes
 + Level 3.9 Armour
 + Level 3.8 Shields


You had one spell level left.
You didn't know any spells.
Your spell library was empty.

Dungeon Overview and Level Annotations

Branches:
Dungeon (2/15)

Altars:

Annotations:
D:2 Sigmund


Innate Abilities, Weirdness & Mutations

You have a pair of horns on your head.
You reflexively headbutt those who attack you in melee.


Message History

a +0 short sword; a kobold corpse You enter the shallow water.
Moving in this stuff is going to be slow.
There is a stone staircase leading down here.
You climb downwards.
There is a stone staircase leading up here.
You open the door.
There is an open door here.
You open the door.
Sigmund and a ribbon worm come into view.
Sigmund shouts!
Sigmund gestures at you while chanting. The magic dart hits you.
The ribbon worm expels a string of sticky webbing.
The stream of webbing hits you but does no damage.
You are caught in a web!
There is an open door here.
Sigmund mumbles some strange words.
Sigmund flickers and vanishes!
Deactivating autopickup; reactivate with Ctrl-A.
The ribbon worm closely misses you. Something hits you!
You closely miss something. You barely miss the ribbon worm.
The ribbon worm bites you but does no damage.
You miss something. You hit the ribbon worm.
Something hits you but does no damage.
The ribbon worm bites you but does no damage.
You hit something. Your headbutt misses something. You slash the ribbon worm!
Something hits you. The ribbon worm barely misses you.
The ribbon worm expels a string of sticky webbing.
The stream of webbing hits you but does no damage.
You are caught in a web!
The web tears apart.
Something hits you!
* * * LOW HITPOINT WARNING * * *
You barely miss something. You hit the ribbon worm. The ribbon worm bites you.
* * * LOW HITPOINT WARNING * * *
Something hits you but does no damage. You block the ribbon worm's attack.
You barely miss something. You slash the ribbon worm!
You kill the ribbon worm!
Something hits you!
You die...

#...............
#...............
...............
..............
####... .........
#.....# #........#
#.....###........#
#..{@.'.'........#
#.....###........#
#.........###....####
####.#.##.##.........
#.#..#.##.........
#.#..#.##.........
#.#..#.##.........
#.##.#.#<.........
#......##.........


There were no monsters in sight!

Vanquished Creatures
  A dart slug (D:1)
  A ribbon worm (D:2)
  2 goblins (D:1)
  A hobgoblin (D:1)
  2 quokkas (D:1)
  3 ball pythons (D:1)
  3 bats (D:1)
  A frilled lizard (D:1)
  2 kobolds (D:1)
  A rat (D:1)
17 creatures vanquished.

Notes
Turn   | Place    | Note
-------+----------+-------------------------------------------
     0 | D:1      | TheOfficialSoup the Minotaur Fighter began the quest for
                  | the Orb.
     0 | D:1      | Reached XP level 1. HP: 19/19 MP: 0/0
   262 | D:1      | Found a faded altar of an unknown god.
   319 | D:1      | Reached XP level 2. HP: 27/27 MP: 1/1
   962 | D:2      | Noticed Sigmund
   972 | D:2      | Mangled by Sigmund

Illustrated notes

Levels and vault maps discovered:
D:1:      eino_arrival_water_star, layout_rooms,
          shapermc_ecumenical_altar_notcrosses, chequers_decorated_corner
D:2:      layout_basic, nrook_campfire, nrook_mini_vaults, uniq_sigmund

Skill      XL: |  1  2 |
---------------+-------+-----
Axes           | 3 |  3.1
Fighting       | |  3.8
Armour         | |  3.9
Shields        | |  3.8

Action                     || total
---------------------------++-------
  Melee: War axe           ||    38
         Headbutt          ||     1
 Armour: Scale mail        ||    45
  Dodge: Dodged            ||    26
  Block: Buckler           ||     7
